MID
KANNAPOLIS INTIMIDATORS @ BELOIT SNAPPERS
09/24/2046
 
TOP OF THE 1ST
Kannapolis Intimidators batting - Pitching for Beloit Snappers : LHP Kevin Clark
Pitching: LHP Kevin Clark
Batting: RHB Egidius Kruger 0-0: Ball
1-0: Ball
2-0: Ball
3-0: Base on Balls
Batting: RHB Mark Jones 0-0: Ball
1-0: Called Strike
1-1: Grounds into double play, 6-4-3 (Groundball, 6, EV 93.8 MPH)
Batting: SHB Ruben Velasco Jr. 0-0: Foul Ball, location: 2F
0-1: Fly out, F9 (Flyball, 89M, EV 92.5 MPH)
Top of the 1st over - 0 runs, 0 hits, 0 errors, 0 left on base; Kannapolis 0 - Beloit 0
BOTTOM OF THE 1ST
Beloit Snappers batting - Pitching for Kannapolis Intimidators : LHP Mark Sharrett
Pitching: LHP Mark Sharrett
Batting: LHB Angel Sanchez 0-0: Called Strike
0-1: Foul Ball, location: 2F
0-2: Ball
1-2: Ball
2-2: Ball
3-2: Fly out, F7 (Flyball, 7, EV 93.8 MPH)
Batting: RHB Jose Marquez 0-0: Ball
1-0: Ball
2-0: DOUBLE (Line Drive, 3D, EV 99.4 MPH)
Batting: SHB Robert Santiago 0-0: Ball
1-0: Ground out 5-3 (Groundball, 5S, EV 77.5 MPH)
Batting: RHB Josh Whaley 0-0: Foul Ball, location: 2F
0-1: Ground out 5-3 (Groundball, 5, EV 88.8 MPH)
Bottom of the 1st over - 0 runs, 1 hit, 0 errors, 1 left on base; Kannapolis 0 - Beloit 0
TOP OF THE 2ND
Kannapolis Intimidators batting - Pitching for Beloit Snappers : LHP Kevin Clark
Batting: RHB Vic Lucatero 0-0: Ground out 4-3 (Groundball, 4, EV 79.4 MPH)
Batting: LHB Robert Rauda 0-0: Called Strike
0-1: Fly out, F7 (Flyball, 7LSF, EV 87.5 MPH)
Batting: LHB Kevin Rolison 0-0: Called Strike
0-1: Foul Ball, location: 2F
0-2: Ball
1-2: Ball
2-2: Ground out 5-3 (Groundball, 5S, EV 76.2 MPH)
Top of the 2nd over - 0 runs, 0 hits, 0 errors, 0 left on base; Kannapolis 0 - Beloit 0
BOTTOM OF THE 2ND
Beloit Snappers batting - Pitching for Kannapolis Intimidators : LHP Mark Sharrett
Batting: RHB Todd Vanasco 0-0: Called Strike
0-1: Called Strike
0-2: Strikes out swinging
Batting: LHB Henry Hutson 0-0: Ball
1-0: Called Strike
1-1: Called Strike
1-2: Fly out, F8 (Flyball, 78S, EV 86.2 MPH)
Batting: RHB Larry Clark 0-0: Foul Ball, location: 2F
0-1: Foul Ball, location: 2F
0-2: Foul Ball, location: 2F
0-2: Foul Ball, location: 2F
0-2: Strikes out swinging
Bottom of the 2nd over - 0 runs, 0 hits, 0 errors, 0 left on base; Kannapolis 0 - Beloit 0
TOP OF THE 3RD
Kannapolis Intimidators batting - Pitching for Beloit Snappers : LHP Kevin Clark
Batting: RHB Jeff Cox 0-0: Called Strike
0-1: Called Strike
0-2: Ball
1-2: Foul Ball, location: 2F
1-2: Ball
2-2: Foul Ball, location: 2F
2-2: Ground out 6-3 (Groundball, 4MS, EV 79.4 MPH)
Batting: RHB Nick Kleckner 0-0: Ball
1-0: Ball
2-0: Called Strike
2-1: Foul Ball, location: 2F
2-2: Ball
3-2: Ground out 6-3 (Groundball, 6, EV 82.5 MPH)
Batting: SHB Josh Conner 0-0: Foul Ball, location: 2F
0-1: Ball
1-1: Ground out 5-3 (Groundball, 5L, EV 108.8 MPH)
Top of the 3rd over - 0 runs, 0 hits, 0 errors, 0 left on base; Kannapolis 0 - Beloit 0
BOTTOM OF THE 3RD
Beloit Snappers batting - Pitching for Kannapolis Intimidators : LHP Mark Sharrett
Batting: SHB John Cummings 0-0: Called Strike
0-1: Ball
1-1: Foul Ball, location: 2F
1-2: Ball
2-2: Foul Ball, location: 2F
2-2: Fly out, F9 (Flyball, 9LM, EV 88.8 MPH)
Batting: SHB Mike Jorgenson 0-0: Ground out 4-3 (Groundball, 4S, EV 76.9 MPH)
Batting: LHB Angel Sanchez 0-0: Called Strike
0-1: Ball
1-1: Fly out, F8 (Line Drive, 8RD, EV 91.9 MPH)
Bottom of the 3rd over - 0 runs, 0 hits, 0 errors, 0 left on base; Kannapolis 0 - Beloit 0
TOP OF THE 4TH
Kannapolis Intimidators batting - Pitching for Beloit Snappers : LHP Kevin Clark
Batting: RHB Egidius Kruger 0-0: Ball
1-0: Called Strike
1-1: Ground out 5-3 (Groundball, 56, EV 80.0 MPH)
Batting: RHB Mark Jones 0-0: Swinging Strike
0-1: Ball
1-1: Ground out 5-3 (Groundball, 56, EV 105.0 MPH)
Batting: SHB Ruben Velasco Jr. 0-0: Ball
1-0: Called Strike
1-1: Called Strike
1-2: Ball
2-2: Ground out 4-3 (Groundball, 4, EV 98.8 MPH)
Top of the 4th over - 0 runs, 0 hits, 0 errors, 0 left on base; Kannapolis 0 - Beloit 0
BOTTOM OF THE 4TH
Beloit Snappers batting - Pitching for Kannapolis Intimidators : LHP Mark Sharrett
Batting: RHB Jose Marquez 0-0: Called Strike
0-1: Swinging Strike
0-2: Ball
1-2: Ground out 4-3 (Groundball, 4MD, EV 104.4 MPH)
Batting: SHB Robert Santiago 0-0: Swinging Strike
0-1: SINGLE (Groundball, 34D, EV 95.6 MPH)
Batting: RHB Josh Whaley 0-0: Ball
Robert Santiago steals 2nd base (no throw)
1-0: Ball
2-0: Ball
3-0: Called Strike
3-1: SINGLE (Groundball, 5S, EV 71.2 MPH) (infield hit)
Robert Santiago to third
Batting: RHB Todd Vanasco 0-0: Ball
1-0: Foul Ball, location: 2F
1-1: Foul Ball, location: 2F
1-2: Fielders Choice at 2nd, 1-4 (Groundball, P, EV 73.1 MPH)
Batting: LHB Henry Hutson 0-0: Fly out, F8 (Flyball, 8RM, EV 95.6 MPH)
Bottom of the 4th over - 0 runs, 2 hits, 0 errors, 2 left on base; Kannapolis 0 - Beloit 0
TOP OF THE 5TH
Kannapolis Intimidators batting - Pitching for Beloit Snappers : LHP Kevin Clark
Batting: RHB Vic Lucatero 0-0: Foul Ball, location: 2F
0-1: Ball
1-1: Swinging Strike
1-2: Strikes out looking
Batting: LHB Robert Rauda 0-0: Fly out, F5 (Popup, 56, EV 67.5 MPH)
Batting: LHB Kevin Rolison 0-0: Ball
1-0: Fly out, F8 (Flyball, 8LXD, EV 101.2 MPH)
Top of the 5th over - 0 runs, 0 hits, 0 errors, 0 left on base; Kannapolis 0 - Beloit 0
BOTTOM OF THE 5TH
Beloit Snappers batting - Pitching for Kannapolis Intimidators : LHP Mark Sharrett
Batting: RHB Larry Clark 0-0: Foul Ball, location: 2F
0-1: Fly out, F8 (Flyball, 8LD, EV 105.0 MPH)
Batting: SHB John Cummings 0-0: SINGLE (Groundball, 56D, EV 108.1 MPH)
Batting: SHB Mike Jorgenson 0-0: Foul Ball, location: 2F
0-1: Called Strike
0-2: Ground out 5-3 (Groundball, 56S, EV 81.2 MPH)
John Cummings to second
Batting: LHB Angel Sanchez 0-0: Ball
1-0: Ground out 4-3 (Groundball, 4, EV 90.6 MPH)
Bottom of the 5th over - 0 runs, 1 hit, 0 errors, 1 left on base; Kannapolis 0 - Beloit 0
TOP OF THE 6TH
Kannapolis Intimidators batting - Pitching for Beloit Snappers : LHP Kevin Clark
Batting: RHB Jeff Cox 0-0: Ball
1-0: Ground out 6-3 (Groundball, 6, EV 90.6 MPH)
Batting: RHB Nick Kleckner 0-0: Ball
1-0: SINGLE (Groundball, 56D, EV 100.0 MPH)
Batting: SHB Josh Conner 0-0: Ball
1-0: Called Strike
1-1: Swinging Strike
1-2: DOUBLE (Line Drive, 78D, EV 100.0 MPH)
Nick Kleckner to third
Batting: RHB Egidius Kruger 0-0: Called Strike
0-1: Ball
1-1: Ball
2-1: Ball
3-1: Foul Ball, location: 2F
3-2: Base on Balls
Batting: RHB Mark Jones 0-0: Called Strike
0-1: Ball
1-1: Grounds into fielders choice 4-2 (Groundball, 4S, EV 86.2 MPH)
Josh Conner to third
Egidius Kruger to second
Batting: SHB Ruben Velasco Jr. 0-0: Called Strike
0-1: Ball
1-1: Foul Ball, location: 2F
1-2: SINGLE (Flyball, 56D, EV 91.2 MPH)
Josh Conner scores
Egidius Kruger to third
Mark Jones to second
Batting: RHB Vic Lucatero 0-0: Called Strike
0-1: Ball
1-1: Fielders Choice at 2nd, 6-4 (Groundball, 6, EV 102.5 MPH)
Top of the 6th over - 1 run, 3 hits, 0 errors, 3 left on base; Kannapolis 1 - Beloit 0
BOTTOM OF THE 6TH
Beloit Snappers batting - Pitching for Kannapolis Intimidators : LHP Mark Sharrett
Batting: RHB Jose Marquez 0-0: Ball
1-0: Ball
2-0: Called Strike
2-1: Foul Ball, location: 2F
2-2: Strikes out looking
Batting: SHB Robert Santiago 0-0: Foul Ball, location: 2F
0-1: Ball
1-1: Called Strike
1-2: Strikes out swinging
Batting: RHB Josh Whaley 0-0: Ball
1-0: Swinging Strike
1-1: Foul Ball, location: 2F
1-2: Strikes out swinging
Bottom of the 6th over - 0 runs, 0 hits, 0 errors, 0 left on base; Kannapolis 1 - Beloit 0
TOP OF THE 7TH
Kannapolis Intimidators batting - Pitching for Beloit Snappers : LHP Kevin Clark
Pitching: RHP C.J. Ledger
Batting: LHB Robert Rauda 0-0: Ball
1-0: Swinging Strike
1-1: Swinging Strike
1-2: Strikes out looking
Batting: LHB Kevin Rolison 0-0: Ground out 4-3 (Groundball, 4, EV 82.5 MPH)
Batting: RHB Jeff Cox 0-0: Foul Ball, location: 2F
0-1: Ball
1-1: Foul Ball, location: 2F
1-2: Ball
2-2: Foul Ball, location: 2F
2-2: Ball
3-2: Strikes out swinging
Top of the 7th over - 0 runs, 0 hits, 0 errors, 0 left on base; Kannapolis 1 - Beloit 0
BOTTOM OF THE 7TH
Beloit Snappers batting - Pitching for Kannapolis Intimidators : LHP Mark Sharrett
Batting: RHB Todd Vanasco 0-0: Foul Ball, location: 2F
0-1: Ball
1-1: Ground out 5-3 (Groundball, 5L, EV 96.2 MPH)
Batting: LHB Henry Hutson 0-0: Called Strike
0-1: Ball
1-1: Ground out 6-3 (Groundball, 4M, EV 101.9 MPH)
Batting: RHB Larry Clark 0-0: Ball
1-0: Foul Ball, location: 2F
1-1: Foul Ball, location: 2F
1-2: Foul Ball, location: 2F
1-2: Ball
2-2: Ball
3-2: Strikes out swinging
Bottom of the 7th over - 0 runs, 0 hits, 0 errors, 0 left on base; Kannapolis 1 - Beloit 0
TOP OF THE 8TH
Kannapolis Intimidators batting - Pitching for Beloit Snappers : RHP C.J. Ledger
Batting: RHB Nick Kleckner 0-0: DOUBLE (Groundball, 5L, EV 100.6 MPH)
Batting: SHB Josh Conner 0-0: Intentional Walk
Batting: RHB Egidius Kruger 0-0: SINGLE (Groundball, 6D, EV 98.1 MPH)
Nick Kleckner to third
Josh Conner to second
Batting: RHB Mark Jones 0-0: Ball
1-0: Fly out, F9 (Flyball, 89M, EV 89.4 MPH)
Batting: SHB Ruben Velasco Jr. 0-0: Ball
1-0: Called Strike
1-1: Foul Ball, location: 2F
1-2: Foul Ball, location: 2F
1-2: Ball
2-2: TRIPLE (Line Drive, 9LD, EV 100.6 MPH)
Nick Kleckner scores
Josh Conner scores
Egidius Kruger scores
Batting: RHB Vic Lucatero 0-0: Intentional Walk
Pitching: LHP Jin-ho Koo
Batting: LHB Robert Rauda 0-0: Ball
Vic Lucatero is caught stealing 2nd base 2-6
1-0: Called Strike
1-1: Ball
2-1: Swinging Strike
2-2: Strikes out swinging
Top of the 8th over - 3 runs, 3 hits, 0 errors, 1 left on base; Kannapolis 4 - Beloit 0
BOTTOM OF THE 8TH
Beloit Snappers batting - Pitching for Kannapolis Intimidators : LHP Mark Sharrett
Pitching: RHP Ron Knowles
Batting: SHB John Cummings 0-0: Foul Ball, location: 2F
0-1: Swinging Strike
0-2: Ball
1-2: Strikes out swinging
Batting: SHB Mike Jorgenson 0-0: Swinging Strike
0-1: Ball
1-1: Ball
2-1: TRIPLE (Flyball, 89XD, EV 108.1 MPH)
Hidden ball trick at third base, runner out!
Batting: LHB Angel Sanchez 0-0: Ball
1-0: Foul Ball, location: 2F
1-1: Called Strike
1-2: Strikes out looking
Bottom of the 8th over - 0 runs, 1 hit, 0 errors, 0 left on base; Kannapolis 4 - Beloit 0
TOP OF THE 9TH
Kannapolis Intimidators batting - Pitching for Beloit Snappers : LHP Jin-ho Koo
Batting: LHB Kevin Rolison 0-0: Called Strike
0-1: Ball
1-1: Foul Ball, location: 2F
1-2: Strikes out swinging
Pitching: RHP Jaylen Walker
Batting: RHB Jeff Cox 0-0: Ball
1-0: Ball
2-0: Called Strike
2-1: Ball
3-1: Base on Balls
Batting: RHB Nick Kleckner 0-0: Foul Ball, location: 2F
0-1: Swinging Strike
0-2: Foul Ball, location: 2F
0-2: Foul Ball, location: 2F
0-2: Ball
1-2: Foul Ball, location: 2F
1-2: Ball
2-2: Ball
3-2: Strikes out swinging
Batting: SHB Josh Conner 0-0: Called Strike
0-1: Ball
1-1: Ball
2-1: Foul Ball, location: 2F
2-2: Strikes out swinging
Top of the 9th over - 0 runs, 0 hits, 0 errors, 1 left on base; Kannapolis 4 - Beloit 0
BOTTOM OF THE 9TH
Beloit Snappers batting - Pitching for Kannapolis Intimidators : RHP Ron Knowles
Pitching: RHP Larry Cassano
Batting: RHB Jose Marquez 0-0: Ground out 6-3 (Groundball, 6, EV 88.8 MPH)
Batting: SHB Robert Santiago 0-0: Ground out 6-3 (Groundball, 6, EV 84.4 MPH)
Batting: RHB Josh Whaley 0-0: Ball
1-0: Ball
2-0: Called Strike
2-1: Ball
3-1: Swinging Strike
3-2: Ground out 5-3 (Groundball, 56S, EV 70.6 MPH)
Bottom of the 9th over - 0 runs, 0 hits, 0 errors, 0 left on base; Kannapolis 4 - Beloit 0
Tuesday, September 13th , 2022 - OOTP Baseball 23.7 Build 88